 Dungeon Crawl Stone Soup version 0.30-a0-377-g5cb311bc9f (webtiles) character file.

Game seed: 2449564445802212338

4 qeuew the Trooper (level 1, -1/20 HPs)
             Began as a Hill Orc Fighter on Nov 29, 2022.
             Slain by a quokka (4 damage)
             ... on level 1 of the Dungeon.
             The game lasted 00:00:15 (166 turns).

qeuew the Trooper (Hill Orc Fighter)                 Turns: 166, Time: 00:00:15

Health: -1/20      AC:  6    Str: 18    XL:     1   Next: 70%
Magic:  1/1        EV:  9    Int:  8    God:
Gold:   0          SH:  4    Dex: 10    Spells: 0/0 levels left

rFire   . . .      SeeInvis .    a - +0 war axe
rCold   . . .      Faith    .    c - +0 buckler
rNeg    . . .      Spirit   .    b - +0 scale mail
rPois   .          Reflect  .    (no helmet)
rElec   .          Harm     .    (no cloak)
rCorr   .          Rampage  .    (no gloves)
Will    .....                    (no boots)
Stlth   ..........               (no amulet)
HPRegen 0.23/turn                (no ring)
MPRegen 0.07/turn                (no ring)

@: no status effects
A: no striking features
a: no special abilities


You were on level 1 of the Dungeon.
You visited 1 branch of the dungeon, and saw 1 of its levels.

Inventory:

Hand Weapons
 a - a +0 war axe (weapon)
Armour
 b - a +0 scale mail (worn)
 c - a +0 buckler (worn)
Potions
 d - a potion of might


   Skills:
 + Level 3.7 Fighting
 + Level 2.8 Axes
 + Level 3.3 Armour
 + Level 0.2 Dodging
 + Level 3.3 Shields


You couldn't memorise any spells.
You didn't know any spells.
Your spell library was empty.

Dungeon Overview and Level Annotations

Branches:
Dungeon (1/15)

Altars:


Message History

An endoplasm comes into view.
Found a stone staircase leading down.
The endoplasm quivers.
The endoplasm freezes you.
You are frozen.
You hit the endoplasm but do no damage. The endoplasm freezes you.
You are frozen.
The endoplasm freezes you.
You are frozen.
You are too injured to fight recklessly!
You are too injured to fight recklessly!
You are too injured to fight recklessly!
You are too injured to fight recklessly!
You are too injured to fight recklessly!
You are too injured to fight recklessly!
You are too injured to fight recklessly!
You are too injured to fight recklessly!
You are too injured to fight recklessly!
You are too injured to fight recklessly!
There are monsters nearby!
There are monsters nearby!
Unknown command.
The endoplasm freezes you.
You are frozen.
* * * LOW HITPOINT WARNING * * *
You hit the endoplasm but do no damage. You hit the endoplasm.
The endoplasm hits you.
* * * LOW HITPOINT WARNING * * *
You block the endoplasm's attack.
You slash the endoplasm!
You kill the endoplasm!
You hit the endoplasm.
You kill the endoplasm!
Unknown command.
A kobold comes into view. It is wielding a +0 whip.
The kobold shouts!
A quokka comes into view.
The quokka bites you.
You die...

. .. ### .#. # ...
#+### .#.#. #.###....
# .... #........
#.###..### ###...#..
....>...# #.####.
#..rK.# .# #..####
#..@..# .# ##...##
#.....# .# #.....
#.....# .# #.....
#.....# .# ###...
###.....##.########..#
..................####
#########.#######.#
#.# #.# #.# #.####


You could see a quokka and a kobold.

Vanquished Creatures
  2 endoplasms (D:1)
  A quokka (D:1)
  A kobold (D:1)
4 creatures vanquished.

Notes
Turn   | Place    | Note
-------+----------+-------------------------------------------
     0 | D:1      | qeuew the Hill Orc Fighter began the quest for the Orb.
     0 | D:1      | Reached XP level 1. HP: 19/19 MP: 1/1
   159 | D:1      | HP: 1/20 [endoplasm (2)]
   166 | D:1      | Slain by a quokka

Illustrated notes

Levels and vault maps discovered:
D:1:      dpeg_arrival_long_road, layout_basic, minmay_tetromino_l2

Action                   || total
-------------------------++-------
Melee: War axe           ||    15
Armor: Scale mail        ||     5
Dodge: Dodged            ||     7
Block: Buckler           ||     2

Table legend: (Time is in decaauts)
 A = Elapsed time spent in this place.
 B = Non-inter-level travel time spent in this place.
 C = Inter-level travel time spent in this place.
 D = Time resting spent in this place.
 E = Time spent auto-exploring this place.
 F = Levels seen in this place.
 G = Mean time per level.
                   A        B        C        D        E       F      G
               +--------+--------+--------+--------+--------+-----+--------+
         Total |    172 |    172 |      0 |      0 |    135 |   1 |  172.0 |
       Dungeon |    172 |    172 |      0 |      0 |    135 |   1 |  172.0 |
               +--------+--------+--------+--------+--------+-----+--------+

Top non-repeatable levels by time:
     D:1: 172 daAuts
